 Dungeon Crawl Stone Soup version 0.31.0-7-gf635a9b802 (webtiles) character file.

Game seed: 501877247335451610

6 Crownlay the Ducker (level 2, 0/25 HPs)
             Began as a Djinni Monk on Jan 23, 2024.
             Slain by a jackal (1 damage)
             ... on level 1 of the Dungeon.
             The game lasted 00:00:17 (82 turns).

Crownlay the Ducker (Djinni Monk)                     Turns: 82, Time: 00:00:17

Health: 0/25       AC:  2    Str: 10    XL:     2   Next: 0%
Gold:   0          EV: 13    Int: 11    God:
                   SH:  0    Dex: 15

rFire   + + .        a - +0 short sword
rCold   x . .        d - orb {light}
rNeg    . . .        b - +0 robe
rPois   ∞            (no helmet)
rElec   .            (no cloak)
rCorr   .            (no gloves)
SInv    .            (boots unavailable)
Will    .....        (no amulet)
Stlth   +            (no ring)
HPRegen 0.24/turn    (no ring)
MPRegen 0.00/turn

%: infuse magic (-1 HP)
@: flying, glowing
A: sickness immunity, fire resistance 2, cold vulnerability 1, float, innate
caster, HP casting, extra vitality 1
a: no special abilities


You were on level 1 of the Dungeon.
You visited 1 branch of the dungeon, and saw 1 of its levels.

Inventory:

Hand Weapons
 a - a +0 short sword (weapon)
Armour
 b - a +0 robe (worn)
 d - an orb of light (worn)
Magical Staves
 e - a staff of conjuration
Potions
 c - a potion of ambrosia


   Skills:
 * Level 3.2 Fighting
 - Level 2.6 Short Blades
 - Level 3.2 Dodging
 + Level 0.2 Spellcasting
 + Level 0.2 Conjurations
 + Level 0.2 Hexes
   Level 0.0 Charms
 + Level 0.2 Summonings
 + Level 0.2 Necromancy
 + Level 0.2 Translocations
   Level 0.0 Transmutations
 + Level 0.2 Fire Magic
 + Level 0.2 Ice Magic
 + Level 0.2 Air Magic
 + Level 0.2 Earth Magic
 + Level 0.2 Alchemy You didn't know any spells. Your spell library was empty.

Dungeon Overview and Level Annotations

Branches:
Dungeon (1/15)

Altars:


Innate Abilities, Weirdness & Mutations

You are immune to sickness and miasma.
You are immune to poison.
Your flesh is very heat resistant. (rF++)
You are vulnerable to cold. (rC-)
You float through the air rather than walking.
You learn spells naturally, not from books.
Your magical power is your life essence.
You have superior vitality. (+4 MHP)


Message History

The jackal closely misses you.
You hit the jackal.
The jackal is heavily wounded.
The jackal bites you. The rat bites you.
* * * LOW HITPOINT WARNING * * *
You hit the jackal.
The jackal is severely wounded.
The jackal barely misses you. The rat closely misses you.
You closely miss the jackal.
The jackal is severely wounded.
The jackal closely misses you.
The jackal bites you but does no damage.
The rat bites you but does no damage.
You hit the jackal but do no damage.
The jackal is severely wounded.
The jackal bites you.
* * * LOW HITPOINT WARNING * * *
The rat closely misses you.
You hit the jackal but do no damage.
The jackal is severely wounded.
The jackal bites you.
* * * LOW HITPOINT WARNING * * *
You hit the jackal but do no damage.
The jackal is severely wounded.
The jackal bites you.
* * * LOW HITPOINT WARNING * * *
The rat bites you but does no damage.
You hit the jackal.
You kill the jackal!
The rat closely misses you.
You have reached level 2!
You barely miss the jackal. The jackal closely misses you.
The rat barely misses you.
You hit the jackal but do no damage. The jackal barely misses you.
The rat bites you.
* * * LOW HITPOINT WARNING * * *
You hit the jackal.
The jackal is severely wounded.
The jackal bites you.
You die...

♣♣....####### #.!.
♣..........# #...
♣..........♣ .....
♣.........♣♣
.....####........♣♣
........#........♣
.##......#.......♣♣
...>...r.#......♣♣
# ... #@#..#.♣♣♣
.##.####h#..### #
......#g#..#
...#....#....#
......#.#.######
.................
.#.#.##†..######.
#...# ....#


You could see a jackal, a hobgoblin and a rat.

Vanquished Creatures
  A ball python (D:1)
  2 jackals (D:1)
  A quokka (D:1)
  A frilled lizard (D:1)
5 creatures vanquished.

Notes
Turn   | Place    | Note
-------+----------+-------------------------------------------
     0 | D:1      | Crownlay the Djinni Monk began the quest for the Orb.
     0 | D:1      | Reached XP level 1. HP: 20/20 MP: 0/0
    78 | D:1      | HP: 1/20 [jackal (3)]
    80 | D:1      | Reached XP level 2. HP: 2/25 MP: 0/0
    82 | D:1      | Slain by a jackal

Illustrated notes

Levels and vault maps discovered:
D:1:      sevenhm_arrival_forest_fort_large_4, layout_basic

Action                     || total
---------------------------++-------
  Melee: Short sword       ||    29
 Armour: Robe              ||    28
  Dodge: Dodged            ||    26
